HSSL
OVERLAND PARK HS TRIPLETS @ OCEANSIDE HS PIRATES
04/20/2028
 
TOP OF THE 1ST
Overland Park HS Triplets batting - Pitching for Oceanside HS Pirates : LHP Mark Hayden
Pitching: LHP Mark Hayden
Batting: LHB Esteban Pérez 0-0: Ball
1-0: Ball
2-0: Ball
3-0: Base on Balls
Batting: LHB José Mendoza 0-0: Ball
1-0: Swinging Strike
1-1: Ball
2-1: Called Strike
2-2: Ball
3-2: Strikes out swinging
Batting: RHB Emery Cooper 0-0: Ball
1-0: Ball
2-0: Called Strike
Esteban Pérez steals 2nd base
2-1: Called Strike
2-2: Fly out, F7 (Flyball, 7S)
Batting: RHB Alex Moran 0-0: Ground out 5-3 (Groundball, 56)
Top of the 1st over - 0 run(s), 0 hit(s), 0 error(s), 1 left on base; Overland Park HS 0 - Oceanside HS 0
BOTTOM OF THE 1ST
Oceanside HS Pirates batting - Pitching for Overland Park HS Triplets : LHP Carl Orr
Pitching: LHP Carl Orr
Batting: RHB Pancho Rodríguez 0-0: Called Strike
0-1: Ball
1-1: Ball
2-1: Fly out, F9 (Flyball, 9LSF)
Batting: LHB Dylan Savill 0-0: Foul Ball, location: 2F
0-1: Fly out, F8 (Flyball, 8LS)
Batting: RHB Heath Jones 0-0: Called Strike
0-1: Swinging Strike
0-2: Ball
1-2: Ball
2-2: Foul Ball, location: 2F
2-2: Strikes out looking
Bottom of the 1st over - 0 run(s), 0 hit(s), 0 error(s), 0 left on base; Overland Park HS 0 - Oceanside HS 0
TOP OF THE 2ND
Overland Park HS Triplets batting - Pitching for Oceanside HS Pirates : LHP Mark Hayden
Batting: RHB Pablo Quintanilla 0-0: Ball
1-0: Swinging Strike
1-1: Called Strike
1-2: Strikes out swinging
Batting: RHB Eddie Stanton 0-0: Ball
1-0: Ground out 5-3 (Groundball, 5)
Batting: RHB Al Kelly 0-0: Reached on error, E6 (Groundball, 6)
Batting: LHB Mark McCubby 0-0: Called Strike
0-1: Swinging Strike
0-2: Ball
1-2: Ball
2-2: Ball
3-2: Fly out, F4 (Line Drive, 4)
Top of the 2nd over - 0 run(s), 0 hit(s), 1 error(s), 1 left on base; Overland Park HS 0 - Oceanside HS 0
BOTTOM OF THE 2ND
Oceanside HS Pirates batting - Pitching for Overland Park HS Triplets : LHP Carl Orr
Batting: LHB Ron Young 0-0: SINGLE (Flyball, 6MD)
Batting: RHB Sergio Arboledo 0-0: Ball
Ron Young is caught stealing 2nd base
1-0: Ball
2-0: Called Strike
2-1: Reached on error, E5 (Groundball, 56S)
Batting: LHB Otis Campbell 0-0: Ball
1-0: Ball
2-0: Ball
3-0: Called Strike
3-1: Called Strike
3-2: Base on Balls
Sergio Arboledo to second
Batting: RHB Charles Collins 0-0: Ball
1-0: Called Strike
1-1: Ball
2-1: Swinging Strike
2-2: Foul Ball, location: 2F
2-2: Foul Ball, location: 2F
2-2: Ball
3-2: Strikes out looking
Batting: RHB Howard Brown 0-0: Foul Ball, location: 2F
0-1: Foul Ball, location: 2F
0-2: Strikes out swinging
Bottom of the 2nd over - 0 run(s), 1 hit(s), 1 error(s), 2 left on base; Overland Park HS 0 - Oceanside HS 0
TOP OF THE 3RD
Overland Park HS Triplets batting - Pitching for Oceanside HS Pirates : LHP Mark Hayden
Batting: SHB John Hansen 0-0: Ball
1-0: Ball
2-0: Ball
3-0: Foul Ball, location: 2F
3-1: Base on Balls
Batting: LHB Esteban Pérez 0-0: Called Strike
0-1: SINGLE (Line Drive, 6D)
John Hansen to second
Batting: LHB José Mendoza 0-0: Foul Ball, location: 2F
0-1: Fielders Choice at 2nd, 3-6 (Groundball, 34)
John Hansen to third
Batting: RHB Emery Cooper 0-0: Ball
1-0: Called Strike
1-1: SINGLE (Line Drive, 89M)
John Hansen scores
José Mendoza to second
Batting: RHB Alex Moran 0-0: Swinging Strike
0-1: Foul Ball, location: 2F
0-2: Ball
1-2: Ball
Wild Pitch!
José Mendoza to third
Emery Cooper to second
2-2: Foul Ball, location: 2F
2-2: Ball
3-2: Base on Balls
Batting: RHB Pablo Quintanilla 0-0: Ball
1-0: Foul Ball, location: 2F
1-1: Ball
2-1: Foul Ball, location: 2F
2-2: Ball
3-2: Grounds into double play, 4-6-3 (Groundball, 4M)
Top of the 3rd over - 1 run(s), 2 hit(s), 0 error(s), 2 left on base; Overland Park HS 1 - Oceanside HS 0
BOTTOM OF THE 3RD
Oceanside HS Pirates batting - Pitching for Overland Park HS Triplets : LHP Carl Orr
Batting: RHB Luis Viña 0-0: Foul Ball, location: 2F
0-1: Ground out 4-3 (Groundball, 4)
Batting: RHB Pancho Rodríguez 0-0: Foul Ball, location: 2F
0-1: Ball
1-1: Reached on error, E6 (Groundball, 6D)
Batting: LHB Dylan Savill 0-0: Ball
1-0: Ball
2-0: Foul Ball, location: 2F
2-1: Ball
3-1: Called Strike
3-2: SINGLE (Groundball, 34D)
Pancho Rodríguez to second
Pancho Rodríguez to third
Batting: RHB Heath Jones 0-0: Foul Ball, location: 2F
0-1: Fly out, F9 (Flyball, 9S)
Runner from 3rd tags up, OUT at HOME
Bottom of the 3rd over - 0 run(s), 1 hit(s), 1 error(s), 1 left on base; Overland Park HS 1 - Oceanside HS 0
TOP OF THE 4TH
Overland Park HS Triplets batting - Pitching for Oceanside HS Pirates : LHP Mark Hayden
Batting: RHB Eddie Stanton 0-0: Called Strike
0-1: Ground out 6-3 (Groundball, 6S)
Batting: RHB Al Kelly 0-0: Ball
1-0: Ball
2-0: Foul Ball, location: 2F
2-1: Ball
3-1: Base on Balls
Batting: LHB Mark McCubby 0-0: Called Strike
0-1: Foul Ball, location: 2F
0-2: Ball
1-2: Strikes out swinging
Batting: SHB John Hansen 0-0: Swinging Strike
0-1: Swinging Strike
0-2: Strikes out swinging
Top of the 4th over - 0 run(s), 0 hit(s), 0 error(s), 1 left on base; Overland Park HS 1 - Oceanside HS 0
BOTTOM OF THE 4TH
Oceanside HS Pirates batting - Pitching for Overland Park HS Triplets : LHP Carl Orr
Batting: LHB Ron Young 0-0: Ball
1-0: Ball
2-0: Called Strike
2-1: Swinging Strike
2-2: Ball
3-2: Ground out U3 (Groundball, 34)
Batting: RHB Sergio Arboledo 0-0: DOUBLE (Groundball, 3L)
Batting: LHB Otis Campbell 0-0: Called Strike
0-1: Foul Ball, location: 2F
0-2: Strikes out looking
Batting: RHB Charles Collins 0-0: Fly out, F3 (Line Drive, 34S)
Bottom of the 4th over - 0 run(s), 1 hit(s), 0 error(s), 1 left on base; Overland Park HS 1 - Oceanside HS 0
TOP OF THE 5TH
Overland Park HS Triplets batting - Pitching for Oceanside HS Pirates : LHP Mark Hayden
Batting: LHB Esteban Pérez 0-0: Foul Ball, location: 2F
0-1: Ball
1-1: Ground out 6-3 (Groundball, 6)
Batting: LHB José Mendoza 0-0: Called Strike
0-1: Ball
1-1: Ball
2-1: Foul Ball, location: 2F
2-2: Foul Ball, location: 2F
2-2: SINGLE (Groundball, 6MS) (infield hit)
Batting: RHB Emery Cooper 0-0: Ball
José Mendoza is caught stealing 2nd base
1-0: Ball
2-0: Ball
3-0: Foul Ball, location: 2F
3-1: Base on Balls
Pitching: RHP Harley Sandberg
Batting: RHB Alex Moran 0-0: Called Strike
0-1: Ball
1-1: Foul Ball, location: 2F
1-2: 2-RUN HOME RUN (Flyball, 8RXD), Distance : 451 ft
Batting: RHB Pablo Quintanilla 0-0: Ball
1-0: Ball
2-0: Called Strike
2-1: Ground out 6-3 (Groundball, 6)
Top of the 5th over - 2 run(s), 2 hit(s), 0 error(s), 0 left on base; Overland Park HS 3 - Oceanside HS 0
BOTTOM OF THE 5TH
Oceanside HS Pirates batting - Pitching for Overland Park HS Triplets : LHP Carl Orr
Batting: RHB Howard Brown 0-0: Called Strike
0-1: SINGLE (Line Drive, 9S)
Batting: RHB Luis Viña 0-0: Swinging Strike
0-1: Ball
1-1: Foul Ball, location: 2F
1-2: Strikes out swinging
Batting: RHB Pancho Rodríguez 0-0: Foul Ball, location: 2F
0-1: SINGLE (Line Drive, 89S)
Howard Brown to second
Batting: LHB Dylan Savill 0-0: Called Strike
Howard Brown is caught stealing 3rd base
Pancho Rodríguez to second
0-1: Ball
1-1: Foul Ball, location: 2F
1-2: Foul Ball, location: 2F
1-2: Fly out, F5 (Popup, 5L)
Bottom of the 5th over - 0 run(s), 2 hit(s), 0 error(s), 1 left on base; Overland Park HS 3 - Oceanside HS 0
TOP OF THE 6TH
Overland Park HS Triplets batting - Pitching for Oceanside HS Pirates : RHP Harley Sandberg
Batting: RHB Eddie Stanton 0-0: Ball
1-0: Called Strike
1-1: Called Strike
1-2: SINGLE (Groundball, 56) (infield hit)
Batting: RHB Al Kelly 0-0: Foul Ball, location: 2F
0-1: Fly out, F4 (Popup, 4S)
Batting: LHB Mark McCubby 0-0: Fielders Choice at 2nd, 3-6 (Groundball, 34)
Batting: SHB John Hansen 0-0: Ball
1-0: Ball
2-0: Ball
3-0: Base on Balls
Mark McCubby to second
Batting: LHB Esteban Pérez 0-0: Called Strike
0-1: Ball
1-1: Foul Ball, location: 2F
1-2: Ball
2-2: Ball
3-2: SINGLE (Flyball, 78S)
Mark McCubby to third
John Hansen to second
Mark McCubby scores
John Hansen to third
Pitching: RHP Mark Williams
Batting: LHB José Mendoza 0-0: Ball
1-0: Ball
2-0: Ball
3-0: Called Strike
3-1: Called Strike
3-2: Foul Ball, location: 2F
3-2: Strikes out swinging
Top of the 6th over - 1 run(s), 2 hit(s), 0 error(s), 2 left on base; Overland Park HS 4 - Oceanside HS 0
BOTTOM OF THE 6TH
Oceanside HS Pirates batting - Pitching for Overland Park HS Triplets : LHP Carl Orr
Batting: RHB Heath Jones 0-0: Called Strike
0-1: Ball
1-1: Ball
2-1: Foul Ball, location: 2F
2-2: Foul Ball, location: 2F
2-2: Foul Ball, location: 2F
2-2: Foul Ball, location: 2F
2-2: SOLO HOME RUN (Flyball, 7D), Distance : 396 ft
Batting: LHB Ron Young 0-0: Ball
1-0: Ball
2-0: Called Strike
2-1: Foul Ball, location: 2F
2-2: Fly out, F9 (Flyball, 9D)
Pitching: RHP Héctor González
Batting: RHB Sergio Arboledo 0-0: Swinging Strike
0-1: Swinging Strike
0-2: SINGLE (Flyball, 7LS)
Batting: LHB Otis Campbell 0-0: Called Strike
0-1: Ball
1-1: Foul Ball, location: 2F
1-2: Ball
Wild Pitch!
Sergio Arboledo to second
2-2: SINGLE (Flyball, 89S)
Sergio Arboledo to third
Batting: RHB Charles Collins 0-0: Called Strike
Otis Campbell steals 2nd base
0-1: Ball
1-1: Swinging Strike
1-2: Foul Ball, location: 2F
1-2: SINGLE (Flyball, 4D)
Sergio Arboledo scores
Otis Campbell to third
Runner from 3rd tries for Home, SAFE, no throw
Pitching: LHP Kent Jones
Batting: RHB Howard Brown 0-0: Ball
1-0: Ball
2-0: Called Strike
2-1: Swinging Strike
2-2: Strikes out looking
Batting: RHB Luis Viña 0-0: Called Strike
0-1: Foul Ball, location: 2F
0-2: Strikes out swinging
Bottom of the 6th over - 3 run(s), 4 hit(s), 0 error(s), 1 left on base; Overland Park HS 4 - Oceanside HS 3
TOP OF THE 7TH
Overland Park HS Triplets batting - Pitching for Oceanside HS Pirates : RHP Mark Williams
Batting: RHB Emery Cooper 0-0: Ground out 4-3 (Groundball, 4)
Batting: RHB Alex Moran 0-0: Called Strike
0-1: Ball
1-1: Foul Ball, location: 2F
1-2: Foul Ball, location: 2F
1-2: Ball
2-2: Strikes out looking
Batting: RHB Pablo Quintanilla 0-0: Called Strike
0-1: Foul Ball, location: 2F
0-2: Foul Ball, location: 2F
0-2: Foul Ball, location: 2F
0-2: Strikes out looking
Top of the 7th over - 0 run(s), 0 hit(s), 0 error(s), 0 left on base; Overland Park HS 4 - Oceanside HS 3
BOTTOM OF THE 7TH
Oceanside HS Pirates batting - Pitching for Overland Park HS Triplets : LHP Kent Jones
Batting: RHB Pancho Rodríguez 0-0: Ball
1-0: Fly out, F4 (Line Drive, 4)
Batting: LHB Dylan Savill 0-0: Ball
1-0: Ball
2-0: Ball
3-0: Base on Balls
Batting: RHB Heath Jones 0-0: Called Strike
0-1: Called Strike
0-2: Ball
1-2: Foul Ball, location: 2F
1-2: Foul Ball, location: 2F
1-2: Grounds into double play, 5-4-3 (Groundball, 5L)
Bottom of the 7th over - 0 run(s), 0 hit(s), 0 error(s), 0 left on base; Overland Park HS 4 - Oceanside HS 3
TOP OF THE 8TH
Overland Park HS Triplets batting - Pitching for Oceanside HS Pirates : RHP Mark Williams
Batting: RHB Eddie Stanton 0-0: Ball
1-0: Ball
2-0: Called Strike
2-1: Foul Ball, location: 2F
2-2: Ball
3-2: Strikes out swinging
Batting: RHB Al Kelly 0-0: Foul Ball, location: 2F
0-1: Foul Ball, location: 2F
0-2: Ball
1-2: Ball
2-2: SINGLE (Groundball, 56) (infield hit)
Pitching: LHP Henry Bell
Batting: LHB Mark McCubby 0-0: Ball
1-0: Ball
2-0: SINGLE (Groundball, 3L) (infield hit)
Al Kelly to second
Batting: SHB John Hansen 0-0: Called Strike
0-1: Ball
1-1: Ball
2-1: Ball
3-1: Foul Ball, location: 2F
3-2: Base on Balls
Al Kelly to third
Mark McCubby to second
Pinch Hitting: RHB Scott Hurley 0-0: Ball
1-0: Foul Ball, location: 2F
1-1: Ball
2-1: Swinging Strike
2-2: SINGLE (Groundball, 56)
Al Kelly scores
Mark McCubby to third
John Hansen to second
Pitching: LHP Alejandro García
Batting: LHB José Mendoza 0-0: Ball
1-0: Foul Ball, location: 2F
1-1: Fly out, F4 (Popup, 34D)
Batting: RHB Emery Cooper 0-0: Ball
1-0: Ball
2-0: Foul Ball, location: 2F
2-1: Foul Ball, location: 2F
2-2: Foul Ball, location: 2F
2-2: Foul Ball, location: 2F
2-2: Foul Ball, location: 2F
2-2: Strikes out looking
Top of the 8th over - 1 run(s), 3 hit(s), 0 error(s), 3 left on base; Overland Park HS 5 - Oceanside HS 3
BOTTOM OF THE 8TH
Oceanside HS Pirates batting - Pitching for Overland Park HS Triplets : LHP Kent Jones
Now in CF: Carson Doss
Batting: LHB Ron Young 0-0: Called Strike
0-1: Called Strike
0-2: Ball
1-2: Strikes out swinging
Batting: RHB Sergio Arboledo 0-0: Called Strike
0-1: Foul Ball, location: 2F
Error on foul ball, E3
0-2: Ball
1-2: Strikes out swinging
Batting: LHB Otis Campbell 0-0: Swinging Strike
0-1: Called Strike
0-2: Strikes out swinging
Bottom of the 8th over - 0 run(s), 0 hit(s), 1 error(s), 0 left on base; Overland Park HS 5 - Oceanside HS 3
TOP OF THE 9TH
Overland Park HS Triplets batting - Pitching for Oceanside HS Pirates : LHP Alejandro García
Batting: RHB Alex Moran 0-0: Ball
1-0: Foul Ball, location: 2F
1-1: Fly out, F3 (Line Drive, 34)
Batting: RHB Pablo Quintanilla 0-0: Ball
1-0: Foul Ball, location: 2F
1-1: Foul Ball, location: 2F
1-2: Foul Ball, location: 2F
1-2: Ball
2-2: Foul Ball, location: 2F
2-2: Ball
3-2: SINGLE (Groundball, 34D)
Batting: RHB Eddie Stanton 0-0: Foul Ball, location: 2F
0-1: Ball
1-1: Foul Ball, location: 2F
1-2: Foul Ball, location: 2F
1-2: Foul Ball, location: 2F
1-2: Ball
2-2: Foul Ball, location: 2F
2-2: Fly out, F6 (Popup, 56D)
Batting: RHB Al Kelly 0-0: Ball
1-0: Swinging Strike
1-1: Ball
2-1: SINGLE (Line Drive, 89S)
Pablo Quintanilla to second
Pitching: RHP Abraham Hayes
Batting: LHB Mark McCubby 0-0: Ball
1-0: Ball
2-0: Ball
3-0: Called Strike
3-1: Base on Balls
Pablo Quintanilla to third
Al Kelly to second
Batting: SHB John Hansen 0-0: Ball
1-0: Foul Ball, location: 2F
1-1: Swinging Strike
1-2: Strikes out swinging
Top of the 9th over - 0 run(s), 2 hit(s), 0 error(s), 3 left on base; Overland Park HS 5 - Oceanside HS 3
BOTTOM OF THE 9TH
Oceanside HS Pirates batting - Pitching for Overland Park HS Triplets : LHP Kent Jones
Pitching: RHP Clint Smith
Now in LF: Manuel Espinosa
Batting: RHB Charles Collins 0-0: Called Strike
0-1: Ball
1-1: Fly out, F9 (Flyball, 9LM)
Batting: RHB Howard Brown 0-0: Ball
1-0: Ball
2-0: Swinging Strike
2-1: Called Strike
2-2: Foul Ball, location: 2F
2-2: SINGLE (Flyball, 8RS)
Batting: RHB Luis Viña 0-0: Called Strike
0-1: Ball
1-1: Ball
2-1: Foul Ball, location: 2F
2-2: Ball
3-2: Strikes out swinging
Batting: RHB Pancho Rodríguez 0-0: Called Strike
0-1: Ground out U3 (Groundball, 34)
Bottom of the 9th over - 0 run(s), 1 hit(s), 0 error(s), 1 left on base; Overland Park HS 5 - Oceanside HS 3
Tuesday, August 8th, 2017 - OOTP Baseball 17.12 Build 75